 Dungeon Crawl Stone Soup version 0.28.0-53-g5a82cb258f (webtiles) character file.

Game seed: 12300957407582218847

101002 concernfroge the Bewitcher (level 15, -15/82 HPs)
             Began as a Deep Elf Conjurer on June 20, 2022.
             Was the Champion of Vehumet.
             Shot with an arrow by a centaur warrior (25 damage)
             ... on level 13 of the Dungeon.
             The game lasted 02:41:55 (23595 turns).

concernfroge the Bewitcher (Deep Elf Conjurer)     Turns: 23595, Time: 02:41:55

Health: -15/82     AC:  7    Str:  4    XL:     15   Next: 82%
Magic:  5/33       EV: 17    Int: 40    God:    Vehumet [******]
Gold:   1977       SH:  0    Dex: 13    Spells: 8/38 levels left

rFire   + . .      SeeInvis .   (no weapon)
rCold   + + .      Faith    .   (no shield)
rNeg    . . .      Spirit   .   q - +2 robe {rC+}
rPois   .          Reflect  .   (no helmet)
rElec   .          Harm     .   t - scarf {rC+ rF+}
rCorr   +          Rampage  .   (no gloves)
Will    ++...                   F - +2 pair of boots
Stlth   ++........              k - amulet of magic regeneration
HPRegen 0.23/turn               f - +6 ring of intelligence
MPRegen 0.63/turn               E - ring of Cacaqon {Will+ rCorr Int+3}

@: invisible
A: frail 1
a: Renounce Religion


You were on level 13 of the Dungeon.
You worshipped Vehumet.
Vehumet was exalted by your worship.
You visited 4 branches of the dungeon, and saw 22 of its levels.

You collected 2500 gold pieces.
You spent 523 gold pieces at shops.

Inventory:

Missiles
 d - 2 throwing nets
Armour
 q - a +2 robe of cold resistance (worn)
 t - a scarf of resistance (worn)
 F - a +2 pair of boots (worn)
Jewellery
 f - a +6 ring of intelligence (left hand)
 k - an amulet of magic regeneration (around neck)
 E - the ring of Cacaqon (right hand) {Will+ rCorr Int+3}
   (You found it on level 4 of the Lair of Beasts)

   [ring of resist corrosion]

   Int:       It affects your intelligence (+3).
   rCorr:     It protects you from acid and corrosion.
   Will:      It increases your willpower.
 J - an amulet of the acrobat
 L - a +6 ring of intelligence
 N - a ring of see invisible
Wands
 j - a wand of iceblast (2)
 m - a wand of paralysis (9)
 o - a wand of flame (3) (quivered)
 G - a wand of mindburst (6)
 K - a wand of charming (3)
 O - a wand of acid (4)
Scrolls
 e - 7 scrolls of teleportation
 g - 3 scrolls of immolation
 h - 2 scrolls of amnesia
 l - 3 scrolls of enchant weapon
 n - 2 scrolls of magic mapping
 r - 2 scrolls of vulnerability
 s - 2 scrolls of brand weapon
 u - 2 scrolls of enchant armour
 v - a scroll of silence
 y - 3 scrolls of torment
 B - 6 scrolls of identify
 C - 2 scrolls of fear
 D - 2 scrolls of blinking
Potions
 a - a potion of curing
 b - 4 potions of flight
 c - 4 potions of lignification
 i - a potion of degeneration
 p - 4 potions of mutation
 w - 3 potions of attraction
 z - 2 potions of might
 A - a potion of cancellation
 H - a potion of haste
 I - a potion of brilliance
Miscellaneous
 M - a piece from Xom's chessboard (15/15)


   Skills:
 - Level 10.0 Fighting
 - Level 12.0 Dodging
 - Level 2.4 Stealth
 - Level 12.3 Spellcasting
 + Level 14.5 Conjurations
 + Level 15.7 Hexes
 - Level 9.3 Translocations
 + Level 9.5 Earth Magic
 - Level 10.0 Evocations


You had 8 spell levels left.
You knew the following spells:

 Your Spells              Type           Power      Damage    Failure   Level
a - Magic Dart            Conj           100%       1d8       0%          1
b - Searing Ray           Conj           100%       2d8       0%          2
c - Dazzling Flash        Conj/Hex       100%       N/A       0%          3
d - Fulminant Prism       Conj/Hex       49%        3d21      1%          4
e - Iskenderun's Mystic   Conj/Tloc      88%        2d17      1%          4
f - Slow                  Hex            100%       N/A       0%          1
g - Confusing Touch       Hex            100%       N/A       0%          3
h - Cause Fear            Hex            50%        N/A       1%          4
i - Lehudib's Crystal Sp  Conj/Erth      44%        10d11     17%         8

Your spell library contained the following spells:

 Spells                   Type           Power      Damage    Failure   Level
 Iron Shot                Conj/Erth      44%        9d9       1%          6
 Animate Skeleton         Necr           48%        N/A       1%          1
 Pain                     Necr           96%        1d8       1%          1
 Summon Small Mammal      Summ           96%        N/A       1%          1
 Call Imp                 Summ           24%        N/A       1%          2
 Ensorcelled Hibernation  Hex/Ice        100%       N/A       1%          2
 Passwall                 Tmut/Erth      48%        N/A       1%          2
 Inner Flame              Hex/Fire       73%        N/A       1%          3
 Mephitic Cloud           Conj/Pois/Air  59%        N/A       1%          3
 Portal Projectile        Hex/Tloc       100%       N/A       1%          3
 Stone Arrow              Conj/Erth      100%       3d13      1%          3
 Summon Guardian Golem    Hex/Summ       73%        N/A       1%          3
 Animate Armour           Summ/Erth      100%       N/A       1%          4
 Hailstorm                Conj/Ice       70%        3d15      1%          4
 Leda's Liquefaction      Hex/Erth       45%        N/A       1%          4
 Lee's Rapid Deconstruct  Erth           39%        3d20*     1%          5
 Summon Mana Viper        Hex/Summ       73%        N/A       1%          5
 Call Canine Familiar     Summ           24%        N/A       4%          3
 Swiftness                Air            24%        N/A       4%          3
 Vampiric Draining        Necr           24%        2d7       4%          3
 Ice Form                 Ice/Tmut       24%        N/A       14%         4
 Summon Ice Beast         Ice/Summ       24%        N/A       14%         4
 Discord                  Hex            50%        N/A       14%         8
 Malign Gateway           Summ/Tloc      29%        N/A       87%         7
 Simulacrum               Ice/Necr       12%        N/A       91%         6
 Monstrous Menagerie      Summ           12%        N/A       100%        7
 Summon Horrible Things   Summ           12%        N/A       100%        8


Dungeon Overview and Level Annotations

Branches:
Dungeon (13/15)            Temple (1/1) D:6            Lair (6/6) D:11
  Swamp (0/4) Lair:2        Snake (0/4) Lair:4        Slime (0/5) Lair:6
    Orc (2/2) D:11            Elf (0/3) Orc:2
 Vaults: D:13-14

Altars:
Ashenzari
Cheibriados
Dithmenos
Elyvilon
Fedhas
Gozag
Hepliaklqana
Kikubaaqudgha
Makhleb
Nemelex Xobeh
Okawaru
Qazlal
Ru
Sif Muna
Trog
Uskayaw
Vehumet
Wu Jian
Xom
Yredelemnul
Zin
The Shining One
Beogh
Jiyva

Shops:
D:2 (   D:6 ?   D:8 [   D:10 (   Orc:2 *?(*

Portals:
Hell: Lair:6

Annotations:
D:3 3 runed translucent doors, buhh's ghost, weakling OpTm
D:7 Joseph
D:10 Urug
D:11 1 runed translucent door, Zukh's ghost, journeyman GnSk


Innate Abilities, Weirdness & Mutations

You are frail. (-10% HP)


Message History

The blast of energy engulfs the deep elf pyromancer!!
The deep elf pyromancer is almost dead.
You hear a horrible gurgling sound! x2; You hear a shout!
Casting: Fulminant Prism (safe; 1% risk of failure)
Confirm with . or Enter, or press ? or * to list all spells.
Aiming: Fulminant Prism (safe; 1% risk of failure)
Press: ? - help, Dir - move target You conjure a prism of explosive energy!
A fulminant prism comes into view.
The centaur warrior shoots an arrow.
The arrow hits your fulminant prism!!
The centaur warrior shoots an arrow.
The arrow hits your fulminant prism!
Your fulminant prism detonates feebly.
The deep elf pyromancer gestures wildly while chanting.
Casting: Fulminant Prism (safe; 1% risk of failure)
Confirm with . or Enter, or press ? or * to list all spells.
Aiming: Fulminant Prism (safe; 1% risk of failure)
Press: ? - help, Dir - move target You conjure a prism of explosive energy!
A fulminant prism comes into view.
The centaur warrior shoots an arrow.
The arrow hits your fulminant prism!
The centaur warrior shoots an arrow.
The arrow hits your fulminant prism!!
Your fulminant prism detonates feebly.
As you read the scroll of teleportation, it crumbles to dust.
You feel strangely unstable.
The centaur warrior shoots an arrow.
The arrow hits you.
The deep elf pyromancer casts a spell at you.
The bolt of fire misses you.
Your surroundings suddenly seem different.
A centaur warrior comes into view.
The centaur warrior wields a +0 shortbow.
The centaur warrior shoots an arrow.
The arrow hits you!
The centaur warrior shoots an arrow.
The arrow hits you!
* * * LOW HITPOINT WARNING * * *
You fade into invisibility!
The centaur warrior shoots an arrow.
The arrow closely misses you.
The centaur warrior shoots an arrow. x2; The arrow barely misses you.
The centaur warrior shoots an arrow.
The arrow hits you!!
* * * LOW HITPOINT WARNING * * *
You feel better.
The centaur warrior shoots an arrow.
The arrow hits you!!
You die...

....###.# ..
.##.#...#.# ...
.
.#.....c.#....
.. #.......#...
.#.. ##.......
.....#......#
............#
......#.....#
#.@#####
......#.......#
..### .####.#..
.# .. ## #. #..


You could see a centaur warrior.

Vanquished Creatures
  Jorgrun (D:12)
  Snorg (D:11)
  Fannar (D:10)
  A rakshasa (D:13)
  5 boulder beetles (D:13)
  Erolcha (D:9)
  12 hydras
  Erica (D:9)
  2 catoblepae (Lair:6)
  8 two-headed ogres
  5 centaur warriors
  The ghost of zhov the Covert, a journeyman SpEn of Okawaru (Lair:1)
  2 death knights
  A tengu warrior (D:13)
  13 death yaks
  5 orc high priests (Orc:2)
  A sun demon (Lair:6)
  Nergalle (D:10)
  A skeletal warrior (D:13)
  A fire crab (shapeshifter) (D:13)
  2 phantasmal warriors (D:12)
  11 orc knights
  A wizard (Lair:6)
  An ugly thing (D:13)
  A deep elf pyromancer (D:13)
  2 orc sorcerers
  A shining eye (shapeshifter) (D:13)
  3 manticores
  6 cyclopes
  4 black mambas
  An elephant (shapeshifter) (D:13)
  8 elephants
  A smoke demon (Lair:6)
  2 gargoyles
  16 cane toads
  An orange demon (Lair:6)
  An unseen horror (D:12)
  15 rime drakes
  A freezing wraith (D:12)
  6 komodo dragons
  2 kobold demonologists
  An efreet (D:13)
  2 tengu conjurers (D:13)
  A red devil (Lair:6)
  4 ice devils (Lair:6)
  A meliai (D:13)
  10 trolls
  A wolf spider simulacrum (D:13)
  4 blink frogs (Lair:2)
  2 polar bears
  7 dream sheep
  A slime creature (D:13)
  2 shadows
  45 yaks
  2 vampires (D:13)
  6 wyverns
  4 basilisks
  9 steam dragons (Lair:2)
  7 vampire mosquitoes
  A warg (Orc:1)
  2 nagas (Lair:4)
  An acid dragon (D:13)
  16 water moccasins
  3 hell hounds (Lair:6)
  An ice beast (D:8)
  40 orc warriors
  2 black bears (Lair:3)
  A sky beast (D:5)
  2 hornet zombies
  23 wolves
  5 ogres
  6 centaurs
  18 kobold brigands
  6 bullfrogs
  A wyvern zombie (D:6)
  A scorpion (D:3)
  3 water moccasin zombies (D:4)
  13 killer bees (D:8)
  4 wights (D:8)
  An electric eel (Lair:5)
  7 howler monkeys
  2 jellies
  6 centaur zombies
  28 orc priests
  Crazy Yiuf (D:4)
  2 hounds (D:5)
  2 bullfrog skeletons
  An iguana (D:4)
  Natasha (thrice) (D:2)
  11 orc wizards
  A scorpion zombie (D:4)
  A killer bee zombie (D:7)
  3 hound zombies (D:4)
  2 hound skeletons (D:4)
  2 howler monkey zombies
  18 gnolls
  A howler monkey skeleton (D:7)
  An adder (D:2)
  A shadow imp (D:5)
  2 ufetubi (D:5)
  3 adder zombies (D:4)
  3 worms
  6 dart slugs
  99 orcs
  3 ball pythons
  5 bats
  5 endoplasms
  10 giant cockroaches
  7 goblins
  12 hobgoblins
  19 jackals
  4 quokkas
  3 frilled lizards
  A jackal skeleton (D:4)
  A jackal zombie (D:4)
  37 kobolds
  8 rats
  A fulminant prism (D:9)
731 creatures vanquished.

Vanquished Creatures (collateral kills)
  A hydra (Lair:6)
  3 death yaks
  A cane toad (Lair:6)
  A yak (Lair:6)
6 creatures vanquished.

Vanquished Creatures (others)
  A queen bee (shapeshifter) (D:13)
  A wolf (Lair:6)
  404 fulminant prisms
  49 fungi
  61 plants
  7 withered plants
523 creatures vanquished.

Grand Total: 1260 creatures vanquished

Notes
Turn   | Place    | Note
-------+----------+-------------------------------------------
     0 | D:1      | concernfroge the Deep Elf Conjurer began the quest for the
                  | Orb.
     0 | D:1      | Reached XP level 1. HP: 10/10 MP: 6/6
   344 | D:1      | Reached XP level 2. HP: 15/15 MP: 5/8
   347 | D:1      | Learned a level 2 spell: Searing Ray
   938 | D:1      | Reached skill level 5 in Conjurations
   938 | D:1      | Reached XP level 3. HP: 19/19 MP: 6/10
   942 | D:1      | Learned a level 3 spell: Dazzling Flash
  1301 | D:1      | Found a faded altar of an unknown god.
  1785 | D:2      | Noticed Natasha
  1791 | D:2      | Killed Natasha
  1792 | D:2      | Reached XP level 4. HP: 18/24 MP: 4/12
  1797 | D:2      | Learned a level 4 spell: Fulminant Prism
  1881 | D:2      | Found Ydghab's Weapon Emporium.
  2214 | D:2      | Reached skill level 5 in Spellcasting
  2481 | D:2      | Noticed Natasha
  2486 | D:2      | Killed Natasha
  2520 | D:2      | Noticed Natasha
  2524 | D:2      | Killed Natasha
  2525 | D:2      | Reached XP level 5. HP: 28/28 MP: 7/14
  2530 | D:2      | Learned a level 4 spell: Iskenderun's Mystic Blast
  2661 | D:2      | Found a snail-covered altar of Cheibriados.
  2870 | D:3      | Found a runed translucent gate.
  2870 | D:3      | Found a runed translucent gate.
  2870 | D:3      | Found a runed translucent gate.
  2977 | D:3      | Reached skill level 1 in Hexes
  2977 | D:3      | Reached skill level 1 in Translocations
  3448 | D:3      | Learned a level 1 spell: Slow
  3798 | D:3      | Noticed buhh's ghost (weakling OpTm)
  3917 | D:4      | Found a runed translucent door.
  3918 | D:4      | Noticed Crazy Yiuf
  4016 | D:4      | Reached XP level 6. HP: 32/32 MP: 8/16
  4033 | D:4      | Reached skill level 2 in Hexes
  4261 | D:4      | Reached skill level 3 in Hexes
  4517 | D:4      | Reached XP level 7. HP: 36/36 MP: 7/18
  5205 | D:4      | Killed Crazy Yiuf
  5272 | D:4      | Learned a level 3 spell: Confusing Touch
  5301 | D:5      | Entered Level 5 of the Dungeon
  5430 | D:5      | Reached skill level 4 in Hexes
  5639 | D:5      | Reached XP level 8. HP: 41/41 MP: 9/21
  5644 | D:5      | Reached skill level 5 in Hexes
  6286 | D:5      | Reached skill level 6 in Hexes
  6557 | D:6      | Reached skill level 5 in Translocations
  6674 | D:6      | Identified the +2 leather armour "Fidirph" {Dex+3}
  6827 | D:6      | Found Pusan's Magic Scroll Shop.
  6896 | D:6      | Found a staircase to the Ecumenical Temple.
  6924 | Temple   | Entered the Ecumenical Temple
  7222 | Temple   | Became a worshipper of Vehumet
  7442 | D:6      | Reached XP level 9. HP: 45/45 MP: 12/23
  8067 | D:7      | Learned a level 4 spell: Cause Fear
  8200 | D:7      | Noticed Joseph
  8379 | D:7      | Reached skill level 7 in Hexes
  8720 | D:6      | Bought a scroll of teleportation for 33 gold pieces
  8720 | D:6      | Bought a scroll of identify for 22 gold pieces
  8720 | D:6      | Bought a scroll of identify for 22 gold pieces
  8720 | D:6      | Bought a scroll of teleportation for 33 gold pieces
  8985 | D:8      | Reached skill level 8 in Hexes
  9035 | D:8      | Reached skill level 10 in Spellcasting
  9264 | D:8      | Reached * piety under Vehumet
  9264 | D:8      | Offered knowledge of Freeze by Vehumet.
  9269 | D:8      | Reached XP level 10. HP: 50/50 MP: 14/26
  9392 | D:8      | Found Lywkyis's Antique Armour Boutique.
  9536 | D:8      | Found a white marble altar of Elyvilon.
  9695 | D:9      | Noticed a two-headed ogre
  9701 | D:9      | Killed a two-headed ogre
  9702 | D:9      | Reached skill level 9 in Hexes
  9753 | D:9      | Noticed a centaur warrior
  9758 | D:9      | Reached skill level 10 in Conjurations
  9823 | D:9      | HP: 1/50 [centaur warrior/arrow (23)]
  9824 | D:9      | Killed a centaur warrior
 10213 | D:9      | Noticed Erica
 10222 | D:9      | Noticed Erolcha
 10223 | D:9      | Killed Erica
 10224 | D:9      | Reached skill level 10 in Hexes
 10229 | D:9      | Killed Erolcha
 10341 | D:9      | Reached ** piety under Vehumet
 10341 | D:9      | Offered knowledge of Static Discharge by Vehumet.
 10345 | D:9      | Reached XP level 11. HP: 44/54 MP: 24/28
 10882 | D:9      | Paralysed by a kobold brigand for 5 turns
 11109 | D:10     | Entered Level 10 of the Dungeon
 11428 | D:10     | Noticed Urug
 11596 | D:10     | Noticed Fannar
 11609 | D:10     | Killed Fannar
 11610 | D:10     | Reached skill level 11 in Hexes
 11703 | D:10     | Noticed Nergalle
 11710 | D:10     | Killed Nergalle
 11711 | D:10     | Reached skill level 1 in Fighting
 11711 | D:10     | Reached skill level 1 in Evocations
 11712 | D:10     | Noticed a two-headed ogre
 11718 | D:10     | Killed a two-headed ogre
 11971 | D:10     | Found Wurrorphed's Weapon Shop.
 12216 | D:10     | Offered knowledge of Poisonous Vapours by Vehumet.
 12574 | D:11     | Noticed a four-headed hydra
 12587 | D:11     | Killed a four-headed hydra
 12607 | D:11     | Reached skill level 5 in Dodging
 12924 | D:11     | Found a runed translucent door.
 12925 | D:11     | Found a shimmering altar of Xom.
 12925 | D:11     | Noticed Zukh's ghost (journeyman GnSk)
 12925 | D:11     | Noticed a +0 scimitar of chaos
 13014 | D:11     | Reached *** piety under Vehumet
 13041 | D:11     | Found a staircase to the Orcish Mines.
 13330 | D:11     | Noticed Snorg
 13339 | D:11     | Killed Snorg
 13340 | D:11     | Reached skill level 5 in Evocations
 13394 | D:11     | Found a staircase to the Lair.
 13563 | Lair:1   | Entered Level 1 of the Lair of Beasts
 13563 | Lair:1   | Noticed a five-headed hydra
 13658 | Lair:1   | Reached XP level 12. HP: 66/66 MP: 30/30
 13684 | Lair:1   | Killed a five-headed hydra
 13905 | Lair:1   | Offered knowledge of Ignite Poison by Vehumet.
 14034 | Lair:1   | Found a runed translucent door.
 14034 | Lair:1   | Noticed zhov's ghost (journeyman SpEn)
 14042 | Lair:1   | Killed zhov's ghost
 14043 | Lair:1   | Reached skill level 5 in Fighting
 14490 | Lair:2   | Noticed a five-headed hydra
 14497 | Lair:2   | Killed a five-headed hydra
 14951 | Lair:2   | Found a staircase to the Swamp.
 15014 | Lair:2   | Reached **** piety under Vehumet
 15060 | Lair:2   | Offered knowledge of Freezing Cloud by Vehumet.
 15218 | Lair:2   | Identified the +2 scale mail of the Great Game {rPois rCorr
                  | Str+2 Dex-3}
 15219 | Lair:2   | Identified the +1 scale mail of Starshine {rElec Slay+2}
 15520 | Lair:3   | Noticed a seven-headed hydra
 15527 | Lair:3   | Killed a seven-headed hydra
 15528 | Lair:3   | Reached XP level 13. HP: 75/75 MP: 26/31
 15547 | Lair:3   | Reached skill level 10 in Dodging
 16106 | Lair:3   | Found a basalt altar of Yredelemnul.
 16285 | Lair:4   | Found a staircase to the Snake Pit.
 16564 | Lair:4   | Reached ***** piety under Vehumet
 16568 | Lair:4   | Offered knowledge of Airstrike by Vehumet.
 16705 | Lair:4   | Identified the ring of Cacaqon {Will+ rCorr Int+3}
 16852 | Lair:4   | Reached skill level 10 in Evocations
 17608 | Lair:5   | You fall into a shaft and drop 1 floor!
 17608 | Lair:6   | Entered Level 6 of the Lair of Beasts
 17637 | Lair:6   | Reached XP level 14. HP: 47/86 MP: 25/32
 17662 | Lair:6   | Reached skill level 10 in Fighting
 17820 | Lair:6   | Learned a level 8 spell: Lehudib's Crystal Spear
 17906 | Lair:6   | Reached skill level 1 in Earth Magic
 18041 | Lair:6   | Reached skill level 12 in Hexes
 18622 | Lair:6   | Offered knowledge of Ozocubu's Refrigeration by Vehumet.
 18683 | Lair:6   | Found a burning altar of Makhleb.
 18702 | Lair:6   | Found a gateway to Hell.
 18892 | Lair:6   | Found a viscous altar of Jiyva.
 18892 | Lair:6   | Found a staircase to the Slime Pits.
 19067 | Lair:5   | Reached skill level 5 in Earth Magic
 19768 | D:6      | Bought a scroll of enchant armour for 82 gold pieces
 19929 | Orc:1    | Entered Level 1 of the Orcish Mines
 19940 | Orc:1    | Reached skill level 13 in Hexes
 20223 | Orc:2    | Entered Level 2 of the Orcish Mines
 20309 | Orc:2    | Found a staircase to the Elven Halls.
 20775 | Orc:2    | Offered knowledge of Starburst by Vehumet.
 20856 | Orc:2    | Reached XP level 15. HP: 92/92 MP: 33/33
 21116 | Orc:2    | Found Qyokhlug's General Store.
 21119 | Orc:2    | Found Qiel's Assorted Antiques.
 21120 | Orc:2    | Found Ytin Zobudgh's Antique Weapon Boutique.
 21121 | Orc:2    | Found Batawnac's Magic Scroll Shop.
 21125 | Orc:2    | Bought a viscous blue potion for 30 gold pieces
 21129 | Orc:2    | Bought a scroll of blinking for 105 gold pieces
 21129 | Orc:2    | Bought a potion of haste for 140 gold pieces
 21129 | Orc:2    | Bought a potion of brilliance for 56 gold pieces
 21527 | D:12     | Reached skill level 14 in Hexes
 21710 | D:12     | Identified the +0 leather armour "Pelyllaf" {rF+ Regen+
                  | Dex+3}
 22065 | D:12     | Noticed Jorgrun
 22080 | D:12     | Killed Jorgrun
 22812 | D:13     | Identified the +7 quarterstaff "Kuzehi" {pain, *Rage rElec
                  | rF+++ rCorr}
 22861 | D:13     | Reached skill level 15 in Hexes
 22972 | D:13     | Reached ****** piety under Vehumet
 23172 | D:13     | Offered knowledge of Iron Shot by Vehumet.
 23199 | D:13     | Gained mutation: You are frail. (-10% HP) [a shining eye]
 23594 | D:13     | HP: 2/82 [centaur warrior/arrow (23)]
 23595 | D:13     | Shot with an arrow by a centaur warrior

Illustrated notes

Levels and vault maps discovered:
D:1:      dpeg_arrival_rooms_with_view, layout_loops_ring,
          dilly_ecumenical_altar_fadedgnrine
D:2:      layout_basic, basic_altar, serial_shops, shop, minmay_misc_feat_doors,
          kennysheep_another_room, minivault_11, uniq_natasha
D:3:      layout_loops_corners, gammafunk_ghost_icy
D:4:      layout_basic, serial_undead, serial_undead_f, serial_undead_f,
          serial_undead_b, serial_undead_b, serial_undead_e, serial_undead_a,
          uniq_crazy_yiuf_cottage
D:5:      lemuel_castle_with_subvaults [lemuel_castle_interior_original],
          layout_loops_ring, sigmund_army
D:6:      layout_basic, minmay_temple_entry_proselytizer, serial_shops, shop,
          kennysheep_generic_room_13
D:7:      layout_gridville, uniq_joseph
D:8:      layout_cave_pools, mainiacjoe_overflow_alcove_4, serial_shops,
          nicolae_take_the_stairs
D:9:      layout_roguey [special_room_kobold], uniq_erica, uniq_erolcha
D:10:     layout_grid_maze, serial_shops, shop, uniq_nergalle, uniq_urug,
          uniq_fannar
D:11:     layout_cave_pools, lair_entry_dummy, david_orc_3, ebering_ghost_xom,
          minmay_misc_feat_square, kennysheep_generic_room_16, uniq_snorg
D:12:     layout_stronghold, uniq_jorgrun
D:13:     minmay_the_grid_square_5x5_5x5_mashed
          [minmay_the_grid_square_5x5_seven,
          minmay_the_grid_square_5x5_eight_small,
          minmay_the_grid_square_5x5_two, minmay_the_grid_square_5x5_empty,
          minmay_the_grid_square_5x5_forky,
          minmay_the_grid_square_5x5_checkered,
          minmay_the_grid_square_5x5_prize_pseudospiral,
          minmay_the_grid_square_5x5_three_small,
          minmay_the_grid_square_5x5_prize_rear_guard,
          minmay_the_grid_square_5x5_misaligned,
          minmay_the_grid_square_5x5_corner, minmay_the_grid_square_5x5_z,
          minmay_the_grid_square_5x5_prize_open,
          minmay_the_grid_square_5x5_fat_x, minmay_the_grid_square_5x5_inset,
          minmay_the_grid_square_5x5_v,
          minmay_the_grid_square_5x5_prize_monsterx,
          minmay_the_grid_square_5x5_comb,
          minmay_the_grid_square_5x5_prize_snowflake,
          minmay_the_grid_square_5x5_hourglass,
          minmay_the_grid_square_5x5_minivault,
          minmay_the_grid_square_5x5_shrine2,
          minmay_the_grid_square_5x5_shrine1,
          minmay_the_grid_square_5x5_percent,
          minmay_the_grid_square_5x5_doubleslash], layout_gridville,
          gammafunk_ghost_hydra_chop
Temple:   mainiacjoe_temple_hex_bubbles
Lair:1:   layout_chaotic_city, gammafunk_ghost_grave, serial_bayou_shore_b
Lair:2:   layout_regular_city, swamp_mist_pool, bobbens_dragon_lair_wall,
          lemuel_fruit_fields, infiniplex_staircase_pool_2
Lair:3:   layout_hall_layers, basic_altar
Lair:4:   layout_long_grid, guppyfry_snake_entry_garden
Lair:5:   layout_misc_corridors, beast_lair_carwin_9, infiniplex_staircase_pool
Lair:6:   evil_forest, layout_long_grid, dpeg_slime_entry_enclosed_altar
Orc:1:    layout_caves, basic_altar
Orc:2:    st_orc_pillars, layout_caves, basic_altar

Skill      XL: |  1  2  3  4  5  6  7  8  9 10 11 12 13 14 15 |
---------------+----------------------------------------------+-----
Spellcasting   | 4 5 6 7 8 10 11 12 | 12.3
Conjurations   | 5 6 7 8 9 10 11 13 14 | 14.5
Hexes          | 1 3 4 6 8 10 11 13 15 | 15.7
Translocations | 1 2 4 5 7 8 9 |  9.3
Fighting       | 4 6 9 10 | 10.0
Dodging        | 6 9 12 | 12.0
Evocations     | 5 8 10 | 10.0
Earth Magic    | 6 9 |  9.5
Stealth        | |  2.4

Action                   |  1- 3 |  4- 6 |  7- 9 | 10-12 | 13-15 || total
-------------------------+-------+-------+-------+-------+-------++-------
 Cast: Magic Dart        |    53 |    69 |   154 |   119 |    58 ||   453
       Searing Ray       |    16 |    23 |    62 |    50 |    65 ||   216
       Fulminant Prism   |       |     3 |    25 |   103 |   275 ||   406
       Slow              |       |     3 |     2 |     1 |     1 ||     7
       Iskenderun's Myst |       |       |    24 |    45 |   149 ||   218
       Cause Fear        |       |       |       |     3 |     7 ||    10
       Confusing Touch   |       |       |       |       |     1 ||     1
       Dazzling Flash    |       |       |       |       |     1 ||     1
Evoke: Wand              |       |     3 |       |       |   111 ||   114
       Piece from Xom's  |       |       |       |       |     1 ||     1
  Use: Scroll            |     4 |     3 |    11 |     8 |    10 ||    36
       Potion            |     2 |       |       |     8 |     3 ||    13
Armor: Robe              |     1 |       |     3 |     4 |     2 ||    10
Dodge: Dodged            |    15 |     7 |    11 |    42 |    39 ||   114
